[ AOE2 MATCH · #505832158 ]
UnrankedLithuanians vs Persians
Rival team · WIN
[ REPLAY ANALYSIS · EXTRACTED FROM THE RECORDED GAME ]
Feudal
21:04
Castle
—
Imperial
—
| APM avg | 31.4 |
| APM peak | 65 |
| eAPM avg | 13.8 |
| Villagers / military | 60 / 20 |
Focus
⚔️ 16.2% · 🌾 83.8%
Spearman ×8 · Archer ×6 · Militia ×6
Feudal
19:50
Castle
—
Imperial
—
| APM avg | 27.7 |
| APM peak | 83 |
| eAPM avg | 9.7 |
| Villagers / military | 34 / 20 |
Focus
⚔️ 20.9% · 🌾 79.1%
Scout Cavalry ×20
Match map
Initial resources + every placement click. Lines = walls · curves = elevation contours. ◆ gold · ⬟ stone · ● berries · ✦ relic · ◌ wall gap
Your base· Open — unwalled flank
willem.goossenss's base· Open — unwalled flank
Smoothed initial terrain · ◌ = detected wall gap · hover for details
Inputs per minute
— Grospoilu - - willem.goossenss
Build order — Grospoilu
120 actions detected in the replay
| 0:01 | Queue | Villager (Male) |
| 0:04 | Build | House |
| 0:06 | Build | House |
| 0:10 | Queue | Villager (Male) |
| 0:10 | Queue | Villager (Male) |
| 0:10 | Queue | Villager (Male) |
| 0:11 | Queue | Villager (Male) |
| 0:11 | Queue | Villager (Male) |
| 1:31 | Queue | Villager (Male) |
| 1:54 | Queue | Villager (Male) |
| 2:01 | Build | Lumber Camp |
| 2:42 | Queue | Villager (Male) |
| 3:05 | Queue | Villager (Male) |
| 3:19 | Queue | Villager (Male) |
| 3:53 | Build | House |
| 4:10 | Queue | Villager (Male) |
| 4:36 | Queue | Villager (Male) |
| 4:36 | Queue | Villager (Male) |
| 4:42 | Build | Mill |
| 5:55 | Queue | Villager (Male) |
| 5:56 | Queue | Villager (Male) |
| 6:06 | Research | Loom |
| 6:31 | Research | Loom |
| 6:47 | Build | Barracks |
| 7:15 | Queue | Villager (Male) |
| 7:35 | Queue | Villager (Male) |
| 7:36 | Queue | Villager (Male) |
| 7:36 | Queue | Villager (Male) |
| 8:12 | Queue | Villager (Male) |
| 8:13 | Queue | Villager (Male) |
| 8:13 | Queue | Villager (Male) |
| 8:47 | Queue | Militia |
| 8:47 | Queue | Militia |
| 8:53 | Build | House |
| 10:10 | Build | Town Center |
| 10:33 | Build | House |
| 10:37 | Build | House |
| 10:42 | Build | House |
| 12:38 | Queue | Villager (Male) |
| 12:39 | Queue | Villager (Male) |
| 12:39 | Queue | Villager (Male) |
| 12:39 | Queue | Villager (Male) |
| 12:40 | Queue | Villager (Male) |
| 12:52 | Build | House |
| 12:58 | Build | House |
| 13:07 | Build | House |
| 13:11 | Queue | Villager (Male) |
| 13:12 | Queue | Villager (Male) |
| 13:35 | Build | House |
| 14:15 | Queue | Villager (Male) |
| 15:25 | Build | Farm |
| 15:26 | Build | Farm |
| 15:29 | Build | Farm |
| 15:30 | Build | Farm |
| 15:52 | Queue | Villager (Male) |
| 15:52 | Queue | Villager (Male) |
| 16:29 | Build | Farm |
| 16:32 | Queue | Villager (Male) |
| 16:33 | Queue | Villager (Male) |
| 16:36 | Queue | Villager (Male) |
| 17:19 | Build | Farm |
| 17:27 | Build | Farm |
| 17:35 | Build | Farm |
| 17:51 | Queue | Villager (Male) |
| 18:11 | Build | Farm |
| 18:12 | Build | Farm |
| 18:14 | Queue | Villager (Male) |
| 18:54 | Research | Feudal Age |
| 18:59 | Queue | Militia |
| 19:11 | Queue | Militia |
| 19:34 | Build | Lumber Camp |
| 19:41 | Queue | Militia |
| 20:08 | Build | House |
| 20:13 | Build | Palisade Wall |
| 20:25 | Build | Palisade Wall |
| 20:27 | Build | Palisade Wall |
| 20:33 | Queue | Militia |
| 20:54 | Build | Farm |
| 21:04 | Age | Feudal Age |
| 21:07 | Research | Man-at-Arms (upgrade) |
| 21:10 | Queue | Villager (Male) |
| 21:10 | Queue | Villager (Male) |
| 21:11 | Queue | Villager (Male) |
| 21:11 | Queue | Villager (Male) |
| 21:22 | Build | Archery Range |
| 21:25 | Queue | Spearman |
| 21:42 | Queue | Villager (Male) |
| 21:43 | Queue | Villager (Male) |
| 21:53 | Queue | Spearman |
| 21:53 | Queue | Spearman |
| 22:15 | Queue | Villager (Male) |
| 22:28 | Build | Archery Range |
| 22:37 | Queue | Villager (Male) |
| 22:37 | Queue | Villager (Male) |
| 22:44 | Queue | Villager (Male) |
| 22:49 | Build | House |
| 22:54 | Build | House |
| 23:15 | Queue | Villager (Male) |
| 23:23 | Queue | Villager (Male) |
| 23:24 | Queue | Villager (Male) |
| 23:28 | Queue | Archer |
| 23:29 | Queue | Archer |
| 23:43 | Queue | Villager (Male) |
| 23:43 | Queue | Villager (Male) |
| 24:05 | Queue | Archer |
| 24:42 | Build | Lumber Camp |
| 25:00 | Queue | Spearman ×5 |
| 25:49 | Queue | Archer ×3 |
| 25:59 | Build | House |
| 26:04 | Build | House |
| 26:25 | Queue | Villager (Male) |
| 26:25 | Queue | Villager (Male) |
| 26:35 | Queue | Villager (Male) |
| 27:15 | Build | Palisade Wall |
| 27:25 | Build | Palisade Wall |
| 28:17 | Queue | Villager (Male) |
| 28:18 | Queue | Villager (Male) |
| 28:20 | Queue | Villager (Male) |
| 28:21 | Build | Farm |
| 28:44 | Queue | Villager (Male) |
Build order — willem.goossenss
114 actions detected in the replay
| 0:05 | Queue | Villager (Male) |
| 0:05 | Queue | Villager (Male) |
| 0:05 | Queue | Villager (Male) |
| 0:08 | Build | House |
| 0:51 | Queue | Villager (Male) |
| 1:15 | Queue | Villager (Male) |
| 1:20 | Build | House |
| 1:44 | Queue | Villager (Male) |
| 2:08 | Build | Lumber Camp |
| 2:11 | Queue | Villager (Male) |
| 3:03 | Queue | Villager (Male) |
| 3:03 | Queue | Villager (Male) |
| 3:30 | Build | House |
| 3:33 | Queue | Villager (Male) |
| 3:55 | Queue | Villager (Male) |
| 4:32 | Queue | Villager (Male) |
| 4:57 | Queue | Villager (Male) |
| 4:58 | Research | Loom |
| 5:50 | Build | House |
| 6:07 | Build | Town Center |
| 6:28 | Build | Palisade Wall |
| 6:38 | Build | Palisade Wall |
| 6:40 | Build | Palisade Wall |
| 6:42 | Build | Palisade Wall |
| 6:46 | Build | Palisade Wall |
| 6:49 | Build | Palisade Wall |
| 6:51 | Build | Palisade Wall |
| 7:22 | Queue | Villager (Male) |
| 7:23 | Queue | Villager (Male) |
| 8:00 | Build | Mill |
| 9:23 | Queue | Villager (Male) |
| 10:19 | Queue | Villager (Male) |
| 11:55 | Queue | Villager (Male) |
| 11:56 | Queue | Villager (Male) |
| 12:31 | Queue | Villager (Male) |
| 13:17 | Build | Mill |
| 13:29 | Queue | Villager (Male) |
| 13:41 | Build | Mill |
| 14:33 | Queue | Villager (Male) |
| 14:33 | Queue | Villager (Male) |
| 14:59 | Queue | Villager (Male) |
| 14:59 | Queue | Villager (Male) |
| 15:14 | Build | Mill |
| 15:16 | Build | House |
| 15:24 | Queue | Villager (Male) |
| 15:44 | Queue | Villager (Male) |
| 16:07 | Queue | Villager (Male) |
| 16:29 | Queue | Villager (Male) |
| 16:34 | Build | Lumber Camp |
| 17:14 | Queue | Villager (Male) |
| 17:27 | Build | Farm |
| 17:27 | Build | Farm |
| 17:27 | Build | Farm |
| 17:28 | Build | Farm |
| 17:28 | Build | Farm |
| 17:41 | Research | Feudal Age |
| 17:57 | Build | House |
| 17:58 | Build | House |
| 18:14 | Build | Farm |
| 18:36 | Build | Farm |
| 18:45 | Build | Farm |
| 18:57 | Build | House |
| 19:04 | Build | Farm |
| 19:16 | Build | Farm |
| 19:36 | Queue | Villager (Male) |
| 19:36 | Queue | Villager (Male) |
| 19:50 | Age | Feudal Age |
| 19:54 | Build | Barracks |
| 20:03 | Research | Double-Bit Axe |
| 20:31 | Queue | Villager (Male) |
| 20:48 | Build | Stable |
| 21:01 | Queue | Villager (Male) |
| 21:18 | Queue | Scout Cavalry |
| 21:18 | Queue | Scout Cavalry |
| 21:23 | Build | Stable |
| 21:35 | Build | House |
| 21:36 | Build | Palisade Wall |
| 21:48 | Build | House |
| 21:50 | Build | House |
| 21:54 | Queue | Scout Cavalry |
| 21:58 | Build | House |
| 22:11 | Queue | Scout Cavalry |
| 22:11 | Queue | Scout Cavalry |
| 22:11 | Queue | Scout Cavalry |
| 22:17 | Build | Farm |
| 22:19 | Build | Farm |
| 22:36 | Queue | Scout Cavalry |
| 22:37 | Queue | Scout Cavalry |
| 23:04 | Queue | Scout Cavalry |
| 23:04 | Queue | Scout Cavalry |
| 23:55 | Queue | Scout Cavalry |
| 23:55 | Queue | Scout Cavalry |
| 24:11 | Build | Blacksmith |
| 24:18 | Queue | Scout Cavalry |
| 24:18 | Queue | Scout Cavalry |
| 25:08 | Research | Forging |
| 25:29 | Build | Farm |
| 25:45 | Queue | Scout Cavalry |
| 25:45 | Queue | Scout Cavalry |
| 26:09 | Build | Farm |
| 26:10 | Build | Farm |
| 26:10 | Build | Farm |
| 26:11 | Build | Farm |
| 26:12 | Build | Farm |
| 26:13 | Build | Farm |
| 26:24 | Queue | Scout Cavalry |
| 26:54 | Queue | Scout Cavalry |
| 27:01 | Build | Farm |
| 27:03 | Build | Farm |
| 27:03 | Build | Farm |
| 27:04 | Build | Farm |
| 27:13 | Build | Watch Tower |
| 27:18 | Queue | Scout Cavalry |
| 27:38 | Queue | Scout Cavalry |
Match timeline
| 6:28 | willem.goossenss · wall_segment Palisade Wall x1 |
| 6:38 | willem.goossenss · wall_segment Palisade Wall x1 |
| 6:40 | willem.goossenss · wall_segment Palisade Wall x1 |
| 6:42 | willem.goossenss · wall_segment Palisade Wall x1 |
| 6:46 | willem.goossenss · wall_segment Palisade Wall x1 |
| 6:47 | Grospoilu · first_building Barracks |
| 6:49 | willem.goossenss · wall_segment Palisade Wall x1 |
| 6:51 | willem.goossenss · wall_segment Palisade Wall x1 |
| 19:50 | willem.goossenss · age_up feudal |
| 19:54 | willem.goossenss · first_building Barracks |
| 20:13 | Grospoilu · wall_segment Palisade Wall x6 |
| 20:25 | Grospoilu · wall_segment Palisade Wall x4 |
| 20:27 | Grospoilu · wall_segment Palisade Wall x2 |
| 20:48 | willem.goossenss · first_building Stable |
| 21:04 | Grospoilu · age_up feudal |
| 21:22 | Grospoilu · first_building Archery Range |
| 21:36 | willem.goossenss · wall_segment Palisade Wall x1 |
| 27:15 | Grospoilu · wall_segment Palisade Wall x3 |
| 27:25 | Grospoilu · wall_segment Palisade Wall x1 |
| 28:52 | Grospoilu · resign |
[ AI ANALYSIS · 1 CREDIT ]
What really happened in this match?
Wolo.gg analyzes every decision: build order, eco, micro, common mistakes by bracket. Personalized analysis on WhatsApp or Discord in 30 seconds.
Civ guide
Lithuanians
Perfil
Jugador #4729544